 Dungeon Crawl Stone Soup version 0.20-a0-1078-g4874019 (webtiles) character file.

3063 FastMan the Cleaver (level 9, -1/124 HPs)
             Began as a Minotaur Berserker on May 1, 2017.
             Was a Priest of Trog.
             Slain by a two-headed ogre
             ... wielding a +0 dire flail
              (13 damage)
             ... on level 8 of the Dungeon.
             The game lasted 00:03:34 (3921 turns).

FastMan the Cleaver (Minotaur Berserker)            Turns: 3921, Time: 00:03:35

Health: -1/124     AC: 15    Str: 27    XL:     9   Next: 57%
Magic:  2/2        EV:  7    Int:  4    God:    Trog [***...]
Gold:   299        SH: 11    Dex: 13    Spells: 8/8 levels left

rFire    . . .     SeeInvis .   j - +1 war axe (antimagic)
rCold    . . .     Gourm    .   i - +0 shield
rNeg     . . .     Faith    .   B - +0 plate armour (curse)
rPois    .         Spirit   .   (helmet restricted)
rElec    .         Reflect  .   y - +0 cloak
rCorr    .         Harm     .   z - +2 pair of gloves
MR       .....                  (no boots)
Stlth    ..........             (no amulet)
Regen    0.3/turn               (no ring)
MPRegen  0.1/turn               (no ring)

@: berserking, very quick
A: retaliatory headbutt, horns 2
a: Berserk, Trog's Hand, Burn Spellbooks, Renounce Religion


You were on level 8 of the Dungeon.
You worshipped Trog.
Trog was most pleased with you.
You were not hungry.

You visited 1 branch of the dungeon, and saw 8 of its levels.

You collected 299 gold pieces.

Inventory:

Hand Weapons
 j - a +1 antimagic war axe (weapon)
 w - a +0 war axe
Armour
 i - a +0 shield (worn)
 y - a +0 cloak (worn)
 z - a +2 pair of gloves (worn)
 B - a cursed +0 plate armour (worn)
Scrolls
 a - a scroll of random uselessness {unknown}
 d - a scroll of immolation {unknown}
 e - a scroll of blinking {unknown}
 f - 3 scrolls of identify {unknown}
 g - a scroll of magic mapping {unknown}
 h - 4 scrolls of recharging {unknown}
 n - a scroll of enchant armour {unknown}
 o - 2 scrolls of remove curse {unknown}
 r - a scroll of fear {unknown}
 v - 2 scrolls of teleportation {unknown}
Potions
 b - a potion of ambrosia {unknown}
 k - a potion of invisibility {unknown}
 l - 2 potions of degeneration {unknown}
 p - a potion of berserk rage {unknown}
 q - a potion of agility {@q5}
 s - 3 potions of curing {unknown}
 t - a potion of heal wounds {unknown}
 x - a potion of resistance {unknown}
Comestibles
 c - 4 bread rations {@e1}
 m - 3 meat rations {@e2}
 u - 2 royal jellies {@e3}
 A - 5 chunks of flesh


   Skills:
 + Level 9.0 Fighting
 * Level 11.7 Axes
 - Level 2.7 Armour
 - Level 2.6 Dodging
 + Level 7.5 Shields


You had 8 spell levels left.
You didn't know any spells.

Dungeon Overview and Level Annotations

Branches:
Dungeon (8/15)             Temple (0/1) D:5
   Lair: D:8-11

Altars:
Sif Muna


Innate Abilities, Weirdness & Mutations

You reflexively headbutt those who attack you in melee.
You have a pair of horns on your head.


Message History

The two-headed ogre hits you but does no damage.
The two-headed ogre hits you with a giant club!
You hit the two-headed ogre.
The two-headed ogre is moderately wounded.
Your plate armour prevents you from hitting the two-headed ogre.
The two-headed ogre is moderately wounded.
You slash the quokka!
You kill the quokka!
Trog accepts your kill.
The two-headed ogre hits you with a dire flail!
The two-headed ogre hits you with a giant club!!
* * * LOW HITPOINT WARNING * * *
You are too injured to fight recklessly!
A red film seems to cover your vision as you go berserk!
You feel yourself moving faster!
You feel mighty!
You feel quite a bit more hungry.
The two-headed ogre hits you with a dire flail!
* * * LOW HITPOINT WARNING * * *
The two-headed ogre hits you with a giant club!
You die...

#.### #.##.
##########.#
..##.
#.....#....#
.....
#.....<.####
...
#......###
#........#
#...).##.....
#.....#
##....
#.!@>.# #.(
#....O..# .
#####.### #>.
##. ##


You could see a two-headed ogre.

Vanquished Creatures
  An unseen horror (D:7)
  The ghost of crawlcharacter the Cleaver, a novice MiBe of Trog (D:5)
  Joseph (D:7)
  A hippogriff (D:7)
  Duvessa (D:6)
  2 orc warriors
  2 phantoms
  2 ogres
  A centaur (D:5)
  Blork the orc (D:6)
  A big kobold (D:7)
  3 bullfrogs (D:7)
  A water moccasin skeleton (D:6)
  Dowan (D:6)
  3 wights (D:5)
  2 crimson imps
  A bullfrog zombie (D:7)
  An orc wizard (D:8)
  2 iguanas
  Terence (D:3)
  A worker ant (D:8)
  A hound skeleton (D:6)
  A worker ant zombie (D:7)
  An adder (D:2)
  2 shadow imps
  2 oozes
  An adder skeleton (D:5)
  2 worms
  A dart slug (D:2)
  12 orcs
  4 giant cockroaches
  2 hobgoblins (D:3)
  3 jackals (D:1)
  5 quokkas
  5 bats
  4 frilled lizards
  9 goblins
  10 kobolds
  A leopard gecko skeleton (D:5)
  9 rats
105 creatures vanquished.

Notes
Turn   | Place    | Note
-------+----------+-------------------------------------------
     0 | D:1      | FastMan the Minotaur Berserker began the quest for the Orb.
     0 | D:1      | Reached XP level 1. HP: 19/19 MP: 0/0
   136 | D:1      | Reached XP level 2. HP: 8/27 MP: 1/1
   496 | D:1      | Reached skill level 4 in Axes
   643 | D:2      | Reached ** piety under Trog
   673 | D:2      | Reached XP level 3. HP: 32/33 MP: 2/2
  1061 | D:3      | Reached skill level 1 in Shields
  1147 | D:3      | Found a deep blue altar of Sif Muna.
  1148 | D:3      | Reached XP level 4. HP: 40/40 MP: 3/3
  1155 | D:3      | Noticed Terence
  1163 | D:3      | Killed Terence
  1163 | D:3      | Reached skill level 5 in Axes
  1294 | D:5      | Entered Level 5 of the Dungeon
  1352 | D:5      | Reached XP level 5. HP: 8/47 MP: 4/4
  1352 | D:5      | Reached skill level 5 in Fighting
  1354 | D:5      | Reached skill level 6 in Axes
  1378 | D:5      | Noticed crawlcharacter's ghost (novice MiBe)
  1531 | D:5      | Killed crawlcharacter's ghost
  1531 | D:5      | Reached skill level 7 in Axes
  1531 | D:5      | Reached XP level 6. HP: 22/57 MP: 5/5
  1531 | D:5      | Reached XP level 7. HP: 25/63 MP: 6/6
  1660 | D:5      | Found a sand-covered staircase.
  1703 | D:5      | Found a staircase to the Ecumenical Temple.
  2121 | D:6      | Reached skill level 8 in Axes
  2166 | D:6      | Noticed Duvessa
  2166 | D:6      | Noticed Dowan
  2175 | D:6      | Killed Dowan
  2176 | D:6      | Killed Duvessa
  2427 | D:6      | Noticed Blork the orc
  2437 | D:6      | Killed Blork the orc
  2437 | D:6      | Reached skill level 5 in Shields
  2437 | D:6      | Reached XP level 8. HP: 71/71 MP: 7/7
  2750 | D:7      | Reached skill level 9 in Axes
  2776 | D:7      | Reached *** piety under Trog
  3041 | D:7      | Noticed Joseph
  3056 | D:7      | Killed Joseph
  3056 | D:7      | Reached skill level 10 in Axes
  3241 | D:7      | Reached XP level 9. HP: 66/81 MP: 8/8
  3415 | D:7      | Killed an unseen horror
  3415 | D:7      | Reached skill level 11 in Axes
  3914 | D:8      | Noticed a two-headed ogre
  3921 | D:8      | Slain by a two-headed ogre

Vault maps used:
D:1:      dpeg_arrival_erosion, minmay_misc_feat_x
D:3:      nicolae_overflow_crystal_walls, okawaru_altar_gauntlet_db,
          uniq_terence
D:4:      hangedman_decor_clover_reticule, kennysheep_boxes, uniq_grinder
D:5:      minmay_temple_entry_mist, nicolae_ossuary_entry_false_entrances,
          first_bread
D:6:      uniq_blork_the_orc, uniq_duvessa
D:7:      nrook_mini_vaults, uniq_joseph
D:8:      old_standard_altar, the_bakery

Skill      XL: |  1  2  3  4  5  6  7  8  9 |
---------------+----------------------------+-----
Axes           | 4 5 7 8 10 11 | 11.7
Fighting       | 4 6 8 9 |  9.0
Shields        | 1 2 4 5 6 7 |  7.5
Armour         | |  2.7
Dodging        | |  2.6

Action                   |  1- 3 |  4- 6 |  7- 9 || total
-------------------------+-------+-------+-------++-------
Melee: Hand axe          |    78 |    50 |    16 ||   144
       Headbutt          |    17 |    13 |    45 ||    75
       War axe           |       |       |   173 ||   173
Invok: Berserk           |       |     3 |     6 ||     9
       Trog's Hand       |       |     1 |       ||     1
       Burn Spellbooks   |       |       |     1 ||     1
  Eat: Chunk             |     1 |     2 |     5 ||     8
       Meat ration       |       |     1 |     1 ||     2
Armor: Animal skin       |     5 |       |       ||     5
       Scale mail        |    19 |     8 |    13 ||    40
       Plate armour      |       |       |    57 ||    57
       Chain mail        |       |       |    16 ||    16
Dodge: Dodged            |    35 |    13 |    37 ||    85
Block: Shield            |    21 |    27 |    94 ||   142
